 Dungeon Crawl Stone Soup version 0.19-a0-1740-g0bcaf2e (webtiles) character file.

413 Amnesiac the Digger (level 6, 0/41 HPs)
             Began as a Vampire Earth Elementalist on Oct 2, 2016.
             Slain by an ice beast (5 damage)
             ... on level 5 of the Dungeon.
             The game lasted 00:05:07 (2815 turns).

Amnesiac the Digger (Vampire Earth Elementalist)    Turns: 2815, Time: 00:05:08

Health: 0/41       AC:  4    Str:  7    XL:     6   Next: 59%
Magic:  5/9        EV: 13    Int: 18    God:
Gold:   81         SH:  0    Dex: 16    Spells: 3 memorised, 2 levels left

rFire  + . .     SeeInvis +     b - 77 stones
rCold  + . .     Gourm    .     c - +0 robe
rNeg   + + .     Faith    .     (no shield)
rPois  +         Spirit   .     j - +0 helmet
rElec  .         Dismiss  .     (no cloak)
rCorr  .         Reflect  .     o - +0 pair of gloves
MR     .....     Harm     .     (no boots)
Stlth  +++.......               (no amulet)
                                (no ring)
                                g - ring of protection from fire

@: regenerating slowly
A: fangs 3, see invisible, unbreathing
a: Bat Form


You were on level 5 of the Dungeon.
You were thirsty.

You visited 1 branch of the dungeon, and saw 5 of its levels.

You collected 81 gold pieces.

Inventory:

Hand Weapons
 m - a +1 dagger of flaming
 p - a +0 dagger of venom
Missiles
 b - 77 stones (in hand)
Armour
 c - a +0 robe (worn)
 j - a +0 helmet (worn)
 o - a +0 pair of gloves (worn)
Jewellery
 g - a ring of protection from fire (left hand)
Scrolls
 f - 2 scrolls of blinking {unknown}
 h - 5 scrolls of identify {unknown}
 i - 2 scrolls of random uselessness {unknown}
 l - a scroll of remove curse {unknown}
 q - a scroll of recharging {unknown}
Potions
 a - 2 potions of curing {unknown}
 d - 4 potions of blood
 k - a potion of cancellation {unknown}
 n - a potion of invisibility {unknown}
 r - a potion of agility {unknown}
Books
 e - a book of Geomancy

   Spells                             Type                      Level
   a - Sandblast                      Earth                        1
   b - Passwall                       Transmutation/Earth          2
   c - Stone Arrow                    Conjuration/Earth            3
   d - Petrify                        Transmutation/Earth          4
   e - Lee's Rapid Deconstruction     Earth                        5


   Skills:
 - Level 2.1 Dodging
 - Level 3.0 Stealth
 - Level 2.0 Spellcasting
 + Level 4.8 Transmutations
 - Level 6.0 Earth Magic


You had 2 spell levels left.
You knew the following spells:

 Your Spells              Type           Power        Failure   Level  Hunger
e - Petrify               Tmut/Erth      ###.....     24%         4    #####..
f - Sandblast             Erth           ###...       1%          1    #......
v - Passwall              Tmut/Erth      ###.......   3%          2    ###....


Dungeon Overview and Level Annotations

Branches:
Dungeon (5/15)             Temple (0/1) D:4

Altars:

Annotations:
D:3 Grinder
D:5 exclusions: centaur and zombie


Innate Abilities, Weirdness & Mutations

You heal slowly.
You have razor-sharp teeth.
You have supernaturally acute eyesight. (SInv)
You can survive without breathing.


Message History

Confirm with . or Enter, or press ? or * to list all spells.
Aiming: Sandblast
Press: ? - help, Shift-Dir - straight line, f - ice beast
Aim: an ice beast The rocky blast hits the ice beast.
The ice beast is moderately wounded.
The ice beast hits you. The ice beast freezes you. You resist.
* * * LOW HITPOINT WARNING * * *
Unknown command.
Casting: Sandblast
Confirm with . or Enter, or press ? or * to list all spells.
Aiming: Sandblast
Press: ? - help, Shift-Dir - straight line, f/p - ice beast
Aim: an ice beast (moderately wounded)
The rocky blast hits the ice beast.
The ice beast is heavily wounded.
The ice beast hits you.
* * * LOW HITPOINT WARNING * * *
The ice beast freezes you. You resist.
You die...

###### #....# #.#..#
######## #.#.## .......#
####....#
.......#######.......####
.....................>...
.......#######.#@Y.#[.#
.......# #.#.#.......
.......# #.#.#.##..##
รท......# #.#.#.. ##
.......# #.#.#.##
.......# ######.
........# # ######.## ##
.#


You could see an ice beast.

Vanquished Creatures
  2 ogres
  2 worker ants (D:4)
  An iguana (D:4)
  An orc wizard (D:4)
  A hound skeleton (D:4)
  8 adders
  3 shadow imps (D:5)
  2 dart slugs (D:4)
  3 leopard geckos
  3 orcs (D:4)
  A ball python (D:1)
  2 giant cockroaches
  3 goblins (D:1)
  2 hobgoblins
  3 jackals
  A bat (D:1)
  4 frilled lizards
  4 kobolds
  A leopard gecko skeleton (D:4)
  5 rats
52 creatures vanquished.

Notes
Turn   | Place    | Note
-------+----------+-------------------------------------------
     0 | D:1      | Amnesiac the Vampire Earth Elementalist began the quest for the Orb.
     0 | D:1      | Reached XP level 1. HP: 13/13 MP: 3/3
   256 | D:2      | Reached XP level 2. HP: 14/19 MP: 0/5
   586 | D:1      | Reached skill level 4 in Earth Magic
   667 | D:2      | Reached XP level 3. HP: 24/24 MP: 3/6
   905 | D:3      | Noticed Grinder
  1088 | D:4      | Reached skill level 5 in Earth Magic
  1088 | D:4      | Reached XP level 4. HP: 4/30 MP: 0/7
  1169 | D:4      | Learned a level 4 spell: Petrify
  1779 | D:4      | Noticed an ogre
  1784 | D:4      | Killed an ogre
  1784 | D:4      | Reached skill level 6 in Earth Magic
  1784 | D:4      | Reached XP level 5. HP: 35/35 MP: 3/8
  1888 | D:4      | Learned a level 2 spell: Passwall
  2345 | D:4      | Reached XP level 6. HP: 8/41 MP: 1/9
  2543 | D:4      | Found a staircase to the Ecumenical Temple.
  2619 | D:5      | Entered Level 5 of the Dungeon
  2806 | D:5      | Noticed an ice beast
  2815 | D:5      | Slain by an ice beast

Vault maps used:
D:1:      dpeg_arrival_caged_fury, st_stairs_1
D:2:      ecumenical_altar_1, grunt_ministairs_2
D:3:      uniq_grinder
D:5:      first_bread, portal_sewer_entry_c, nemelex_dance_club_becter,
          uniq_crazy_yiuf_cottage

Skill      XL: |  1  2  3  4  5  6 |
---------------+-------------------+-----
Earth Magic    | 4 5 6 |  6.0
Transmutations | 3 4 |  4.8
Dodging        | |  2.1
Stealth        | |  3.0
Spellcasting   | |  2.0

Action                   |  1- 3 |  4- 6 || total
-------------------------+-------+-------++-------
Melee: Dagger            |     9 |       ||     9
       Bite              |     1 |       ||     1
 Cast: Sandblast         |    46 |    50 ||    96
       Petrify           |       |     1 ||     1
  Eat: Corpse            |       |     1 ||     1
Armor: Robe              |    13 |       ||    13
Dodge: Dodged            |    34 |     2 ||    36
